 Dungeon Crawl Stone Soup version 0.30-a0-777-ga9a30cbeda (webtiles) character file.

Game seed: 355433970477452675

838 mistaj the Ducker (level 7, -3/57 HPs)
             Began as a Merfolk Gladiator on Feb 14, 2023.
             Slain by an ogre
             ... wielding a +0 giant club
              (25 damage)
             ... on level 5 of the Dungeon.
             The game lasted 00:06:34 (4597 turns).

mistaj the Ducker (Merfolk Gladiator)               Turns: 4597, Time: 00:06:35

Health: -3/57      AC:  4    Str: 16    XL:     7   Next: 99%
Magic:  7/7        EV: 15    Int:  7    God:
Gold:   240        SH:  0    Dex: 16    Spells: 6/6 levels left

rFire   . . .      SeeInvis .    n - +0 scythe
rCold   . . .      Faith    .    (shield currently unavailable)
rNeg    . . .      Spirit   .    b - +0 leather armour
rPois   .          Reflect  .    c - +0 helmet
rElec   .          Harm     .    (no cloak)
rCorr   .          Rampage  .    (no gloves)
Will    .....                    (no boots)
Stlth   +                        x - amulet of the acrobat
HPRegen 0.29/turn                z - ring of flight
MPRegen 0.10/turn                (no ring)

@: flying
A: (nimble swimmer 2), mertail
a: no special abilities


You were on level 5 of the Dungeon.
You visited 1 branch of the dungeon, and saw 5 of its levels.

You collected 240 gold pieces.

Inventory:

Hand Weapons
 j - a +4 whip of electrocution
 n - a +0 scythe (weapon)
Missiles
 d - 3 throwing nets (quivered)
 e - a javelin
Armour
 b - a +0 leather armour (worn)
 c - a +0 helmet (worn)
Jewellery
 x - an amulet of the acrobat (around neck)
 z - a ring of flight (left hand)
Scrolls
 f - 6 scrolls of identify {unknown}
 h - 3 scrolls of teleportation {unknown}
 i - 4 scrolls of magic mapping {unknown}
 l - 2 scrolls of blinking {unknown}
 q - a scroll of fog {unknown}
 r - 2 scrolls of noise {unknown}
 s - a scroll of butterflies {unknown}
 t - a scroll of vulnerability {unknown}
 v - 3 scrolls of immolation {unknown}
 w - a scroll of fear {unknown}
 y - a scroll of torment {unknown}
Potions
 a - a potion of mutation {unknown}
 g - 2 potions of flight {unknown}
 k - a potion of might {unknown}
 m - 2 potions of heal wounds {unknown}
 o - a potion of invisibility {unknown}
 p - 3 potions of attraction {unknown}
 u - a potion of cancellation {unknown}


   Skills:
 + Level 5.9 Fighting
 + Level 7.6 Polearms
 - Level 2.0 Throwing
 + Level 7.7 Dodging


You had 6 spell levels left.
You didn't know any spells.
Your spell library contained the following spells:

 Spells                   Type           Power      Damage    Failure   Level
 Cigotuvi's Dreadful Rot  Necr/Pois/Air  0%         N/A       65%         2
 Dazzling Flash           Conj/Hex       0%         N/A       86%         3
 Dispel Undead            Necr           0%         3d6       99%         4
 Iskenderun's Mystic Bla  Conj/Tloc      0%         2d3       99%         4
 Death Channel            Necr           0%         N/A       100%        6
 Starburst                Conj/Fire      0%         6d3       100%        6


Dungeon Overview and Level Annotations

Branches:
Dungeon (5/15)
 Temple: D:4-7

Altars:

Shops:
D:1 (   D:4 =


Innate Abilities, Weirdness & Mutations

((You are very nimble when in or above water. (Stealth+, EV+, Speed+++)))
Your lower body shifts to a powerful aquatic tail in water.


Message History

No target in view!
Unknown command.
No target in view!
You reach to attack!
You puncture the orc!
You kill the orc!
No target in view!
No target in view!
No target in view!
Things that are here:
a +0 morningstar; a +0 leather armour
There is an open door here.
Found a spear.
Found a stone staircase leading down.
An ogre comes into view. It is wielding a +0 giant club.
The ogre shouts!
Found a viscous puce potion.
You reach to attack!
You barely miss the ogre. You puncture the ogre!
The ogre is moderately wounded.
The ogre hits you with a +0 giant club!!
You slash the ogre!
The ogre is severely wounded.
The ogre completely misses you.
You hit the ogre but do no damage.
The ogre is severely wounded.
The ogre barely misses you.
You barely miss the ogre.
The ogre is severely wounded.
You hit the ogre.
The ogre is severely wounded.
The ogre hits you with a +0 giant club!!
You are too injured to fight recklessly!
You are too injured to fight recklessly!
You barely miss the ogre.
The ogre is severely wounded.
The ogre misses you.
You barely miss the ogre.
The ogre is severely wounded.
The ogre hits you with a +0 giant club!!
You die...

### #.###########
#...........#
#.#########.# #.# #.#
######.###### ##'####
#............##......
#...@..).....##......
#...O........##......
#......########......
........# ##.....
!....>..... #.....
............ #.....
............. .......
###......#.... #
##..... ###.##.####


You could see an ogre.

Vanquished Creatures
  Sigmund (D:2)
  An ice beast (D:4)
  2 ogres
  A necrophage (D:5)
  2 hounds (D:4)
  An orc priest (D:4)
  Jessica (D:2)
  7 gnolls
  4 adders
  An ufetubus (D:5)
  4 worms
  11 orcs
  7 endoplasms
  3 giant cockroaches
  9 goblins
  10 hobgoblins
  4 jackals (D:2)
  9 quokkas
  8 ball pythons
  6 bats
  7 frilled lizards
  13 kobolds
  4 rats
116 creatures vanquished.

Notes
Turn   | Place    | Note
-------+----------+-------------------------------------------
     0 | D:1      | mistaj the Merfolk Gladiator began the quest for the Orb.
     0 | D:1      | Reached XP level 1. HP: 16/16 MP: 1/1
   112 | D:1      | Reached XP level 2. HP: 23/23 MP: 2/2
   244 | D:1      | Found Qexe Ryj's Weapon Shoppe.
   588 | D:1      | Reached XP level 3. HP: 26/28 MP: 3/3
  1241 | D:2      | Noticed Jessica
  1251 | D:2      | Killed Jessica
  1252 | D:2      | Reached XP level 4. HP: 31/35 MP: 4/4
  1284 | D:2      | Reached skill level 5 in Polearms
  1284 | D:2      | Reached skill level 5 in Dodging
  1482 | D:2      | Noticed Sigmund
  1510 | D:2      | Killed Sigmund
  1511 | D:2      | Reached XP level 5. HP: 5/43 MP: 5/5
  1511 | D:2      | Reached XP level 6. HP: 5/49 MP: 6/6
  2950 | D:3      | Found a faded altar of an unknown god.
  3006 | D:4      | Reached XP level 7. HP: 55/55 MP: 7/7
  3036 | D:4      | Reached skill level 5 in Fighting
  3254 | D:4      | Found Yfyiwa's Jewellery Shop.
  3895 | D:5      | Entered Level 5 of the Dungeon
  3918 | D:5      | HP: 1/56 [ice beast (11)]
  4597 | D:5      | Slain by an ogre

Illustrated notes

Levels and vault maps discovered:
D:1:      dpeg_arrival_radiant, layout_loops_ring, serial_shops, shop
D:2:      layout_loops_ring, grunt_ministairs_11, dreamdust_princess_corridor,
          mrwooster_statue_mirror, minmay_pentomino_q4, uniq_jessica,
          uniq_sigmund
D:3:      layout_basic, shapermc_ecumenical_altar_acropolis
D:4:      layout_basic, serial_shops, kennysheep_little_box
D:5:      layout_basic, minmay_temple_entry_proselytizer, minmay_misc_feat_iff,
          nicolae_nh_oracle_at_delphi, uniq_menkaure

Skill      XL: |  1  2  3  4  5  6  7 |
---------------+----------------------+-----
Fighting       | 3 4 5 |  5.9
Polearms       | 6 7 |  7.6
Dodging        | 6 7 |  7.7
Throwing       | |  2.0

Action                     |  1- 3 |  4- 6 |  7- 9 || total
---------------------------+-------+-------+-------++-------
  Melee: Trident           |   117 |    45 |       ||   162
         Punch             |     1 |       |       ||     1
         Halberd           |       |   105 |   110 ||   215
   Stab: Sleeping          |     5 |     3 |       ||     8
 Armour: Leather armour    |    20 |    31 |     9 ||    60
  Dodge: Dodged            |    58 |   100 |    71 ||   229

Table legend: (Time is in decaauts)
 A = Elapsed time spent in this place.
 B = Non-inter-level travel time spent in this place.
 C = Inter-level travel time spent in this place.
 D = Time resting spent in this place.
 E = Time spent auto-exploring this place.
 F = Levels seen in this place.
 G = Mean time per level.
                   A        B        C        D        E       F      G
               +--------+--------+--------+--------+--------+-----+--------+
         Total |   4645 |   4567 |     78 |   1250 |   2440 |   5 |  929.0 |
       Dungeon |   4645 |   4567 |     78 |   1250 |   2440 |   5 |  929.0 |
               +--------+--------+--------+--------+--------+-----+--------+

Top non-repeatable levels by time:
     D:4: 1335 daAuts
     D:2: 1065 daAuts
     D:1: 1054 daAuts
     D:3: 909 daAuts
     D:5: 281 daAuts
